 Dungeon Crawl Stone Soup version 0.29-a0-106-g0a07039d5a (webtiles) character file.

Game seed: 16500430696333827086

1453 kae the Ruffian (level 8, -2/79 HPs)
             Began as a Red Draconian Transmuter on Feb 16, 2022.
             Slain by Blork the orc (14 damage)
             ... on level 6 of the Dungeon.
             The game lasted 00:03:22 (7185 turns).

kae the Ruffian (Red Draconian Transmuter)          Turns: 7185, Time: 00:03:22

Health: -2/79      AC:  6    Str: 13    XL:     8   Next: 47%
Magic:  10/13      EV: 10    Int: 15    God:
Gold:   371        SH:  0    Dex: 12    Spells: 6/14 levels left

rFire   x . .      SeeInvis .     - Unarmed
rCold   + + +      Faith    .   (shield currently unavailable)
rNeg    . . .      Spirit   .   (armour unavailable)
rPois   +          Reflect  .   (helmet currently unavailable)
rElec   .          Harm     .   (cloak currently unavailable)
rCorr   .          Rampage  .   (gloves currently unavailable)
Will    .....                   (boots currently unavailable)
Stlth   +.........              (no amulet)
HPRegen 0.23/turn               (no ring)
MPRegen 0.13/turn               (no ring)

@: ice-form
A: freezing attack, amphibious, boosted hp, (breathe fire), AC +6, large,
unfitting armour, (fire resistance 1), (cold-blooded)
a: End Transformation


You were on level 6 of the Dungeon.
You were a creature of crystalline ice.
You visited 2 branches of the dungeon, and saw 7 of its levels.

You collected 371 gold pieces.

Inventory:

Jewellery
 h - an amulet of guardian spirit
 i - a +6 ring of dexterity
 k - an amulet of faith
Scrolls
 d - a scroll of fear
 f - 2 scrolls of noise
 g - 3 scrolls of identify
 m - 2 scrolls of blinking {unknown}
Potions
 a - a potion of attraction
 b - 2 potions of haste
 c - a potion of might
 e - 2 potions of curing
 j - a potion of degeneration
 l - a potion of lignification {unknown}


   Skills:
 + Level 3.8 Fighting
 + Level 3.7 Dodging
 * Level 5.9 Unarmed Combat
 + Level 3.8 Spellcasting
 * Level 5.3 Transmutations
 * Level 3.0 Ice Magic
 - Level 2.0 Poison Magic


You had 6 spell levels left.
You knew the following spells:

 Your Spells              Type           Power      Damage    Failure   Level
a - Beastly Appendage     Tmut           36%        N/A       1%          1
b - Spider Form           Tmut/Pois      13%        N/A       12%         3
c - Ice Form              Ice/Tmut       15%        N/A       32%         4

Your spell library contained the following spells:

 Spells                   Type           Power      Damage    Failure   Level
 Wereblood                Tmut           18%        N/A       3%          2


Dungeon Overview and Level Annotations

Branches:
Dungeon (6/15)             Temple (1/1) D:6

Altars:
Ashenzari
Cheibriados
Gozag
Hepliaklqana
Makhleb
Nemelex Xobeh
Okawaru
Qazlal
Sif Muna
Trog
Vehumet
Xom
Yredelemnul
Zin
The Shining One
Jiyva

Shops:
D:3 :

Annotations:
D:5 2 transporters, cheburek's ghost, novice MfGl
D:6 4 runed translucent doors, Blork the orc; Crazy Yiuf; Gwenloh's ghost, novice HuFi


Innate Abilities, Weirdness & Mutations

You are a creature of crystalline ice.
You have a powerful freezing melee attack.
You are amphibious.
Your maximum health is increased.
Your armour is entirely melded.
You are incapable of wielding weapons or throwing items.
((You can breathe blasts of fire.))
((Your fiery red scales are hard. (AC +6)))
You cannot fit into any form of body armour.
((Your flesh is heat resistant. (rF+)))
((You are cold-blooded and may be slowed by cold attacks.))


Message History

Blork the orc is nearby!
You see here a +0 leather armour.
Casting: Spider Form (dangerous; 12% risk of failure)
Confirm with . or Enter, or press ? or * to list all spells.
The spell is quite dangerous to miscast (32% risk of failure)!
Continue anyway? [Y]es or [N]o only, please.
The spell is quite dangerous to miscast (32% risk of failure)!
Continue anyway?
You turn into a creature of crystalline ice.
Blork the orc looks angry.
Blork the orc looks satisfied for a moment.
You see here a +0 leather armour.
Blork the orc screams, "I'll crush all your ribs!
One by one!"
Blork the orc gestures wildly while chanting.
Blork the orc seems to speed up.
You hit Blork the orc. You freeze Blork the orc.
Blork the orc is lightly wounded.
Blork the orc screams, "I'm going to kill you!"
Blork the orc hits you with a +0 battleaxe!
You punch Blork the orc! You freeze Blork the orc.
Blork the orc is heavily wounded.
Blork the orc screams, "Die!"
Blork the orc hits you with a +0 battleaxe!
You are too injured to fight recklessly!
You are too injured to fight recklessly!
You are too injured to fight recklessly!
You hit Blork the orc. You freeze Blork the orc.
Blork the orc is severely wounded.
Blork the orc hits you with a +0 battleaxe! x2
You are too injured to fight recklessly!
You are too injured to fight recklessly!
You barely miss Blork the orc.
Blork the orc is severely wounded.
Blork the orc closely misses you.
You hit Blork the orc but do no damage.
Blork the orc is severely wounded.
Blork the orc zaps a wand.
The puff of flame hits you! The fire burns you terribly!
* * * LOW HITPOINT WARNING * * *
Blork the orc hits you with a +0 battleaxe!
You die...

.# #.# #.##### #.#...# #
#.#...# #
####.####.#...##########
....>.o.................
.......Y[...............
.......##.#...##########
...#### #.#...# # .
#.#...##########
#.####.........# #.#
#.........# #.#
#.........# #########
#.# #.........#
#.......# #.#
#.........#


You could see Blork the orc (fast).

Vanquished Creatures
  A water moccasin (D:5)
  An ice beast (D:6)
  An orc warrior (D:6)
  A necrophage (D:4)
  2 ogres
  2 centaurs (D:5)
  A bullfrog (D:6)
  2 scorpions
  A wyvern skeleton (D:6)
  A water moccasin skeleton (D:4)
  3 bullfrog zombies
  A centaur zombie (D:6)
  An orc priest (D:6)
  3 hounds
  A killer bee zombie (D:5)
  9 adders
  A shadow imp (D:5)
  A white imp (D:6)
  An adder skeleton (D:5)
  A worm (D:2)
  11 orcs
  10 ball pythons
  8 endoplasms
  2 giant cockroaches
  8 goblins
  11 hobgoblins
  3 jackals (D:4)
  7 quokkas
  4 bats
  4 frilled lizards
  7 kobolds
  7 rats (D:2)
117 creatures vanquished.

Notes
Turn   | Place    | Note
-------+----------+-------------------------------------------
     0 | D:1      | kae the Draconian Transmuter began the quest for the Orb.
     0 | D:1      | Reached XP level 1. HP: 16/16 MP: 3/3
     3 | D:1      | Found a faded altar of an unknown god.
   178 | D:1      | Reached XP level 2. HP: 22/23 MP: 3/5
   397 | D:1      | You fall into a shaft and drop 1 floor!
   641 | D:2      | Reached XP level 3. HP: 15/29 MP: 4/6
   877 | D:2      | Learned a level 3 spell: Spider Form
  1618 | D:1      | Reached XP level 4. HP: 34/36 MP: 5/7
  2010 | D:2      | Reached skill level 1 in Poison Magic
  2761 | D:3      | Found a snail-covered altar of Cheibriados.
  3103 | D:3      | Found Tuka's Book Shop.
  3237 | D:3      | Found a hazy altar of Hepliaklqana.
  3444 | D:4      | Reached XP level 5. HP: 40/41 MP: 4/8
  3679 | D:4      | Noticed an ogre
  3685 | D:4      | Killed an ogre
  3814 | D:4      | Reached XP level 6. HP: 30/50 MP: 6/10
  4087 | D:4      | Learned a level 4 spell: Ice Form
  4425 | D:4      | Reached skill level 1 in Ice Magic
  4699 | D:5      | Entered Level 5 of the Dungeon
  4856 | D:5      | Your scales start taking on a fiery red colour.
  4856 | D:5      | Reached XP level 7. HP: 56/56 MP: 7/11
  4856 | D:5      | Gained mutation: Your flesh is heat resistant. (rF+) [Red
                  | Draconian growth]
  4973 | D:5      | Found a broken altar of Ashenzari.
  5196 | D:5      | Reached skill level 5 in Unarmed Combat
  5609 | D:5      | Found a transporter.
  5614 | D:5      | Found a transporter.
  5615 | D:5      | Noticed cheburek's ghost (novice MfGl)
  6025 | D:6      | Reached XP level 8. HP: 57/63 MP: 10/13
  6315 | D:6      | Found a staircase to the Ecumenical Temple.
  6452 | D:6      | Reached skill level 5 in Transmutations
  6626 | Temple   | Entered the Ecumenical Temple
  6993 | D:6      | Found a runed translucent gate.
  6993 | D:6      | Found a runed translucent gate.
  6993 | D:6      | Found a runed translucent gate.
  6993 | D:6      | Noticed Gwenloh's ghost (novice HuFi)
  6996 | D:6      | Found a basalt altar of Yredelemnul.
  7088 | D:6      | Found a runed translucent door.
  7088 | D:6      | Found the +6 shillelagh "Devastator" {shatter}
  7089 | D:6      | Noticed Crazy Yiuf
  7173 | D:6      | Noticed Blork the orc
  7185 | D:6      | Slain by Blork the orc

Illustrated notes

Levels and vault maps discovered:
D:1:      dpeg_arrival_tiny_i, layout_loops_ring,
          ebering_ecumenical_altar_sacrificial
D:2:      minmay_razor_zed, layout_rooms, chequers_serial_rivers_micro_c
D:3:      layout_loops_ring, mainiacjoe_overflow_catwalk_spiral, serial_shops,
          shop, minmay_misc_feat_columns, serial_bayou_pond_d
D:4:      layout_loops_cross
D:5:      layout_rooms, lemuel_tele_altar, gammafunk_ghost_hive,
          amcnicky_mini_corridor_feature
D:6:      layout_basic, nicolae_yredelemnul_ghost_church,
          minmay_temple_entry_drinking_statues, kennysheep_cross_bottleneck,
          uniq_crazy_yiuf_cottage, uniq_blork_the_orc, uniq_duvessa
Temple:   pf_slimified_temple

Skill      XL: |  1  2  3  4  5  6  7  8 |
---------------+-------------------------+-----
Dodging        | 2 3 |  3.7
Poison Magic   | 1 2 |  2.0
Fighting       | 2 3 |  3.8
Transmutations | 3 4 5 |  5.3
Unarmed Combat | 4 5 |  5.9
Spellcasting   | 3 |  3.8
Ice Magic      | 1 2 3 |  3.0

Action                   |  1- 3 |  4- 6 |  7- 9 || total
-------------------------+-------+-------+-------++-------
Melee: Unarmed           |   107 |   181 |   142 ||   430
       Kick              |    18 |    11 |       ||    29
       Headbutt          |    13 |     9 |       ||    22
       Tailslap          |     8 |    14 |     5 ||    27
       Punch             |     2 |     3 |     1 ||     6
 Cast: Beastly Appendage |    16 |    14 |       ||    30
       Spider Form       |       |    16 |    12 ||    28
       Ice Form          |       |       |     2 ||     2
 Abil: Breathe Fire      |       |       |     1 ||     1
  Use: Scroll            |       |     8 |     2 ||    10
 Stab: Sleeping          |       |     3 |     1 ||     4
Armor: Skin              |    36 |    56 |    10 ||   102
Dodge: Dodged            |    79 |   129 |   136 ||   344

Table legend: (Time is in decaauts)
 A = Elapsed time spent in this place.
 B = Non-inter-level travel time spent in this place.
 C = Inter-level travel time spent in this place.
 D = Time resting spent in this place.
 E = Time spent auto-exploring this place.
 F = Levels seen in this place.
 G = Mean time per level.
                   A        B        C        D        E       F      G
               +--------+--------+--------+--------+--------+-----+--------+
         Total |   7157 |   6934 |    223 |   1108 |   4881 |   7 | 1022.4 |
       Dungeon |   7030 |   6826 |    204 |   1084 |   4803 |   6 | 1171.7 |
        Temple |    127 |    108 |     19 |     24 |     78 |   1 |  127.0 |
               +--------+--------+--------+--------+--------+-----+--------+

Top non-repeatable levels by time:
     D:2: 1685 daAuts
     D:4: 1399 daAuts
     D:6: 1247 daAuts
     D:5: 953 daAuts
     D:1: 952 daAuts
     D:3: 791 daAuts
  Temple: 127 daAuts
